 Dungeon Crawl Stone Soup version 0.20.1-1-g8b1a95d (webtiles) character file.

78363 schauveau the Executioner (level 15, -10/124 HPs)
             Began as a Minotaur Berserker on Dec 4, 2017.
             Was a High Priest of Trog.
             Splashed by an oklob plant's acid (14 damage)
             ... on level 6 of the Lair of Beasts.
             The game lasted 00:53:57 (21441 turns).

schauveau the Executioner (Minotaur Berserker)     Turns: 21441, Time: 00:53:58

Health: -10/124    AC:  8    Str: 28    XL:     15   Next: 18%
Magic:  4/4        EV: 13    Int:  4    God:    Trog [*****.]
Gold:   779        SH:  0    Dex: 12    Spells: 14/14 levels left

rFire    . . .     SeeInvis .   a - +4 executioner's axe (antimagic)
rCold    . . .     Gourm    .   (shield currently unavailable)
rNeg     + + .     Faith    +   T - +11 chain mail of Impermeability {rN++}
rPois    .         Spirit   .   p - +0 hat
rElec    .         Reflect  .   t - +0 cloak
rCorr    .         Harm     .   m - +1 pair of gloves
MR       +....                  E - +2 pair of boots {run}
Stlth    ..........             G - amulet of faith
Regen    0.3/turn               O - +3 ring of protection
MPRegen  0.1/turn               M - +2 ring of dexterity

@: corroded, quick
A: retaliatory headbutt, horns 2
a: Berserk, Trog's Hand, Brothers in Arms, Burn Spellbooks, Renounce Religion


You were on level 6 of the Lair of Beasts.
You worshipped Trog.
Trog was extremely pleased with you.
You were not hungry.

You visited 3 branches of the dungeon, and saw 20 of its levels.
You also visited: Ice Cave.

You collected 1622 gold pieces.
You spent 843 gold pieces at shops.

Inventory:

Hand Weapons
 a - a +4 antimagic executioner's axe (weapon)
 b - a +2 hand axe of flaming
 z - a +1 battleaxe of freezing
 U - a +0 arbalest
 Y - the +10 halberd "Ralaabot" {drain, Str-2 Int+4}
   (You found it on level 6 of the Lair of Beasts)

   A truly terrible weapon, it drains the life of those it strikes.
   It affects your strength (-2).
   It affects your intelligence (+4).
Missiles
 n - 2 tomahawks of returning
 x - 16 tomahawks (quivered)
Armour
 m - a +1 pair of gloves (worn)
 p - a +0 hat (worn)
 t - a +0 cloak (worn)
 E - a +2 pair of boots of running (worn)
 R - a +1 plate armour of fire resistance
 T - the +11 chain mail of Impermeability (worn) {rN++}
   (You found it on level 10 of the Dungeon)

   It greatly protects you from negative energy.
Jewellery
 d - an uncursed ring of ice
 y - an uncursed amulet of harm {unknown}
 F - an uncursed ring of see invisible
 G - an amulet of faith (around neck)
 M - a +2 ring of dexterity (right hand)
 N - an uncursed ring of protection from cold
 O - a +3 ring of protection (left hand)
 Q - a cursed amulet of inaccuracy {unknown}
Wands
 j - a wand of iceblast (6/15)
 r - a wand of acid (5/15)
 w - a wand of clouds (6/9)
 A - a wand of digging (9/24)
 B - a wand of lightning (15/15)
 K - a wand of acid (7/15)
 W - a wand of confusion (33/48)
Scrolls
 c - 3 scrolls of fear
 q - a scroll of fog
 v - a scroll of magic mapping
 D - 7 scrolls of remove curse
 J - 3 scrolls of teleportation
 L - 2 scrolls of blinking
 X - a scroll of recharging
 Z - a scroll of summoning
Potions
 e - 2 potions of resistance
 f - a potion of berserk rage
 i - a potion of heal wounds
 k - 4 potions of flight
 l - 10 potions of curing
 o - a potion of ambrosia
 u - a potion of magic {unknown}
 P - a potion of might
 S - 3 potions of haste
Miscellaneous
 V - a lightning rod (3/4)
Comestibles
 h - 13 royal jellies
 C - 4 meat rations
 H - 5 bread rations
 I - 17 fruits


   Skills:
 + Level 9.3 Fighting
 * Level 25.0 Axes
 + Level 3.7 Crossbows
 + Level 9.0 Armour
 + Level 8.5 Dodging


You had 14 spell levels left.
You didn't know any spells.

Dungeon Overview and Level Annotations

Branches:
Dungeon (12/15)            Temple (0/1) D:5            Lair (6/6) D:9
  Swamp (0/4) Lair:3       Spider (0/4) Lair:2        Slime (0/5) Lair:5
    Orc (2/2) D:11            Elf (0/3) Orc:2

Altars:
Ashenzari
Cheibriados
Elyvilon
Gozag
Hepliaklqana
Makhleb
Nemelex Xobeh
Okawaru
Sif Muna
Xom
Beogh
Jiyva

Shops:
D:4 }   D:5 (   D:7 %   Orc:1 }:[}   Orc:2 *![}

Annotations:
D:8 exclusion: downstairs
Lair:6 exclusion: 4 oklob plants


Innate Abilities, Weirdness & Mutations

You reflexively headbutt those who attack you in melee.
You have a pair of horns on your head.


Message History

The oklob plant spits acid at you. The splash of acid hits you!
* * * LOW HITPOINT WARNING * * *
The acid corrodes you!
You are splashed with acid!
The acid burns!
* * * LOW HITPOINT WARNING * * *
Your iron troll rages.
The oklob plant spits acid at you. The splash of acid hits you!
You are splashed with acid!
The acid burns!
* * * LOW HITPOINT WARNING * * *
You feel much better.
Your deep troll rages.
The oklob plant spits acid at you. The splash of acid hits you!
* * * LOW HITPOINT WARNING * * *
The acid corrodes you!
You are splashed with acid!
The acid burns!
* * * LOW HITPOINT WARNING * * *
The oklob plant spits acid at you. The splash of acid hits you!
The acid corrodes you!
You are splashed with acid!
The acid burns!
You die...

.................................
.................................
.................................
.................................
.................................
....##..##...#.#....##....#.#PP..
...############..#######.#.######
#### #.#..# ##### ##.@.##
####....# #.......# ##....TT.#
##.P...#.# #!?$.$### #%.T..#
#.[.PP# #.).P$#


You could see 2 oklob plants, 2 friendly iron trolls and a friendly deep troll
(berserk).

Vanquished Creatures
  Gastronok (D:8)
  The ghost of Doomer the Cleaver, a journeyman MiFi of Nemelex Xobeh (D:11)
  Harold (Lair:1)
  10 hydras
  The ghost of WiZmei the Covert, a journeyman MfGl of Okawaru (Lair:1)
  2 catoblepae
  19 two-headed ogres
  A centaur warrior (D:10)
  4 ogre magi (Orc:2)
  3 death yaks
  Pikel (D:7)
  3 ugly things
  2 orc sorcerers (Orc:1)
  2 cyclopes
  4 elephants
  A centaur zombie (D:11)
  A black mamba (Lair:5)
  An ice statue (IceCv)
  28 spiny frogs
  2 rime drakes
  6 komodo dragons
  A kobold demonologist (D:11)
  4 tyrant leeches
  15 blink frogs
  A polar bear (D:8)
  A hornet (D:8)
  4 trolls
  3 slime creatures (D:11)
  12 hippogriffs
  A wraith (D:11)
  A vampire (D:11)
  2 wyverns
  3 basilisks
  35 yaks
  Grum (Lair:1)
  Eustachio (D:5)
  4 hungry ghosts
  6 vampire mosquitoes
  2 wargs (Orc:2)
  Menkaure (D:5)
  A swamp worm (Lair:3)
  15 water moccasins
  10 porcupines
  16 orc warriors
  12 ice beasts
  3 sky beasts
  3 slaves (D:7)
  4 phantoms
  2 black bears
  29 ogres
  12 wolves
  5 centaurs
  13 crocodiles
  Blork the orc (D:4)
  3 big kobolds
  A gnoll sergeant (D:10)
  25 bullfrogs
  2 wyvern zombies
  3 scorpions
  6 killer bees
  3 wights (D:7)
  6 electric eels
  2 howler monkeys (D:9)
  A bullfrog zombie (D:10)
  7 crimson imps
  A wyvern simulacrum (D:9)
  2 bullfrog skeletons
  A gnoll shaman (D:4)
  9 hounds
  A quasit (D:10)
  12 orc priests
  2 centaur skeletons
  24 orc wizards
  4 iguanas
  Crazy Yiuf (D:2)
  Natasha (thrice) (D:2)
  6 hell rats (Lair:6)
  10 worker ants
  A howler monkey zombie (D:8)
  2 worker ant zombies
  9 adders
  12 gnolls
  6 shadow imps
  14 white imps
  A worker ant simulacrum (D:9)
  2 oozes
  An adder skeleton (D:4)
  3 worms
  An adder simulacrum (D:9)
  2 dart slugs
  5 leopard geckos
  65 orcs
  4 giant cockroaches
  12 goblins
  7 hobgoblins
  6 jackals
  5 quokkas
  A ball python (D:4)
  5 bats
  2 frilled lizards (D:1)
  18 kobolds
  A quokka skeleton (D:9)
  A quokka zombie (D:6)
  8 rats
  5 fungi
  A plant (Lair:6)
653 creatures vanquished.

Vanquished Creatures (collateral kills)
  2 death yaks (D:9)
  2 elephants (Lair:6)
  An ice statue (IceCv)
  A kobold demonologist (D:11)
  6 blink frogs (Lair:6)
  2 dream sheep (D:11)
  A yak (D:11)
  A hungry ghost (D:8)
  An ice beast (D:9)
  An ogre (Orc:2)
  A big kobold (D:11)
  A bullfrog (Lair:6)
  A howler monkey (D:9)
  An orc wizard (D:8)
  4 gnolls (D:8)
26 creatures vanquished.

Vanquished Creatures (others)
  A worker ant (D:9)
  A gnoll (D:4)
  2 giant cockroaches
  A jackal skeleton (D:7)
  A bush (Lair:3)
  10 fungi
  40 plants
56 creatures vanquished.

Grand Total: 735 creatures vanquished

Notes
Turn   | Place    | Note
-------+----------+-------------------------------------------
     0 | D:1      | schauveau the Minotaur Berserker began the quest for the Orb.
     0 | D:1      | Reached XP level 1. HP: 19/19 MP: 0/0
   280 | D:1      | Reached skill level 4 in Axes
   280 | D:1      | Reached XP level 2. HP: 27/27 MP: 1/1
   768 | D:2      | Reached XP level 3. HP: 29/33 MP: 2/2
   865 | D:2      | Found a white marble altar of Elyvilon.
  1057 | D:2      | Found an iron altar of Okawaru.
  1139 | D:2      | Found a runed door.
  1302 | D:2      | Reached ** piety under Trog
  1302 | D:2      | Reached XP level 4. HP: 40/40 MP: 3/3
  1348 | D:2      | Noticed Natasha
  1352 | D:2      | Killed Natasha
  1352 | D:2      | Reached skill level 5 in Axes
  1482 | D:2      | Noticed Natasha
  1487 | D:2      | Killed Natasha
  1591 | D:2      | Noticed Natasha
  1594 | D:2      | Killed Natasha
  1594 | D:2      | Reached XP level 5. HP: 44/47 MP: 4/4
  1618 | D:2      | Noticed Crazy Yiuf
  1621 | D:2      | Killed Crazy Yiuf
  1909 | D:3      | Found a sparkling altar of Nemelex Xobeh.
  2224 | D:3      | Noticed a hippogriff
  2230 | D:3      | Killed a hippogriff
  2230 | D:3      | Reached skill level 6 in Axes
  2230 | D:3      | Reached XP level 6. HP: 39/55 MP: 5/5
  2394 | D:4      | Reached skill level 5 in Fighting
  2518 | D:4      | Found Tuhymmen's Gadget Boutique.
  2559 | D:4      | Found a burning altar of Makhleb.
  2559 | D:4      | Noticed Blork the orc
  2569 | D:5      | Entered Level 5 of the Dungeon
  2572 | D:5      | Reached *** piety under Trog
  2574 | D:5      | Reached XP level 7. HP: 61/61 MP: 6/6
  2782 | D:4      | Killed Blork the orc
  2880 | D:4      | Found a sparkling altar of Nemelex Xobeh.
  2881 | D:4      | Found an opulent altar of Gozag.
  2970 | D:4      | Reached skill level 7 in Axes
  2970 | D:4      | Reached skill level 5 in Armour
  3165 | D:4      | Reached skill level 5 in Dodging
  3268 | D:4      | Found a shattered altar of Ashenzari.
  3271 | D:4      | Found a hazy altar of Hepliaklqana.
  3417 | D:4      | Reached skill level 8 in Axes
  4010 | D:5      | Reached XP level 8. HP: 69/69 MP: 7/7
  4085 | D:5      | Reached skill level 9 in Axes
  4140 | D:5      | Noticed Eustachio
  4171 | D:5      | Killed Eustachio
  4303 | D:5      | Found a staircase to the Ecumenical Temple.
  4305 | D:5      | Found Vynocigo's Antique Weapon Shoppe.
  4315 | D:5      | Bought a glowing hand axe for 144 gold pieces
  4424 | D:5      | Noticed Menkaure
  4431 | D:5      | Killed Menkaure
  4431 | D:5      | Reached skill level 10 in Axes
  4724 | D:6      | Reached **** piety under Trog
  4866 | D:6      | Reached skill level 11 in Axes
  5394 | D:7      | Reached XP level 9. HP: 74/74 MP: 8/8
  5436 | D:7      | Reached skill level 12 in Axes
  5662 | D:7      | Noticed a cyclops
  5669 | D:7      | Killed a cyclops
  5669 | D:7      | Reached skill level 13 in Axes
  5759 | D:7      | Found a shimmering altar of Xom.
  5763 | D:7      | Found a deep blue altar of Sif Muna.
  5845 | D:7      | Noticed Pikel
  5863 | D:7      | Killed Pikel
  5863 | D:7      | Reached skill level 14 in Axes
  5864 | D:7      | Reached ***** piety under Trog
  6106 | D:7      | Found Tyukhlor's Food Boutique.
  6320 | D:8      | Noticed Gastronok
  6371 | D:8      | Killed Gastronok
  6371 | D:8      | Reached skill level 15 in Axes
  6371 | D:8      | Reached XP level 10. HP: 82/82 MP: 9/9
  6856 | D:8      | Reached skill level 16 in Axes
  7325 | D:8      | Noticed a two-headed ogre
  7344 | D:8      | Killed a two-headed ogre
  7344 | D:8      | Reached skill level 17 in Axes
  7927 | D:8      | Reached XP level 11. HP: 53/88 MP: 10/10
  7935 | D:8      | Paralysed by a crimson imp for 7 turns
  7953 | D:8      | Paralysed by a crimson imp for 2 turns
  8139 | D:8      | Received a gift from Trog
  8227 | D:9      | Noticed a death yak
  8231 | D:9      | Noticed a death yak
  8233 | D:9      | Noticed a death yak
  8235 | D:9      | Noticed a death yak
  8237 | D:9      | Killed a death yak
  8240 | D:9      | Killed a death yak
  8240 | D:9      | Reached skill level 18 in Axes
  8247 | D:9      | Killed a death yak
  8248 | D:9      | Killed a death yak
  8530 | D:9      | Found a staircase to the Lair.
  8620 | D:9      | Noticed a red ugly thing
  8634 | D:9      | Killed a red ugly thing
 10098 | D:10     | Entered Level 10 of the Dungeon
 10119 | D:10     | Reached skill level 19 in Axes
 10273 | D:10     | Noticed a centaur warrior
 10284 | D:10     | Killed a centaur warrior
 10305 | D:10     | Found a shattered altar of Ashenzari.
 10375 | D:10     | Got a jewelled chain mail
 10386 | D:10     | Identified the +11 chain mail of Impermeability {rN++} (You found it on level 10 of the Dungeon)
 10927 | D:11     | Found a staircase to the Orcish Mines.
 11067 | D:11     | Reached XP level 12. HP: 91/97 MP: 3/11
 11097 | D:11     | Noticed Doomer's ghost (journeyman MiFi)
 11123 | D:11     | Killed Doomer's ghost
 11124 | D:11     | Reached skill level 20 in Axes
 11242 | D:11     | Received a gift from Trog
 11245 | D:11     | Noticed a two-headed ogre
 11261 | D:11     | Killed a two-headed ogre
 11439 | D:11     | Noticed a three-headed hydra
 11455 | D:11     | Killed a one-headed hydra
 11728 | Orc:1    | Entered Level 1 of the Orcish Mines
 11728 | Orc:1    | Found Assekys's Gadget Shoppe.
 11749 | Orc:1    | Found Luzxuan's Antique Armour Emporium.
 11814 | Orc:2    | Entered Level 2 of the Orcish Mines
 11840 | Orc:2    | Reached skill level 21 in Axes
 11896 | Orc:1    | Found Yrghupniphy's Book Emporium.
 11928 | Orc:1    | Noticed a two-headed ogre
 11935 | Orc:1    | Killed a two-headed ogre
 11997 | Orc:2    | Found a roughly hewn altar of Beogh.
 12045 | Orc:1    | Found Iwoepy Tooj's Gadget Emporium.
 12061 | Orc:1    | Received a gift from Trog
 12248 | Orc:2    | Noticed a two-headed ogre
 12248 | Orc:2    | Noticed a two-headed ogre
 12248 | Orc:2    | Noticed a two-headed ogre
 12248 | Orc:2    | Noticed a two-headed ogre
 12249 | Orc:2    | Noticed a two-headed ogre
 12268 | Orc:2    | Killed a two-headed ogre
 12270 | Orc:2    | Killed a two-headed ogre
 12274 | Orc:2    | Killed a two-headed ogre
 12283 | Orc:2    | Killed a two-headed ogre
 12299 | Orc:2    | Reached XP level 13. HP: 50/104 MP: 4/12
 12338 | Orc:2    | Reached skill level 22 in Axes
 12559 | Orc:2    | Reached ****** piety under Trog
 13008 | Orc:2    | Received a gift from Trog
 13105 | Orc:2    | Found a staircase to the Elven Halls.
 13115 | Orc:2    | Reached skill level 23 in Axes
 13158 | Orc:2    | Found Affeg's General Store.
 13158 | Orc:2    | Found Xuhint's Antique Armour Shop.
 13615 | Orc:2    | Found Dunaz's Gadget Shoppe.
 13615 | Orc:2    | Found Hamirgh's Distillery.
 13628 | Orc:2    | Bought a pair of embroidered boots for 195 gold pieces
 13633 | Orc:2    | Identified a +1 pair of boots of running (You bought it in a shop on level 2 of the Orcish Mines)
 13634 | Orc:2    | Bought a scroll of teleportation for 36 gold pieces
 13635 | Orc:2    | Bought a potion of haste for 120 gold pieces
 13635 | Orc:2    | Bought a potion of heal wounds for 60 gold pieces
 13635 | Orc:2    | Bought a potion of haste for 120 gold pieces
 13635 | Orc:2    | Bought a potion of curing for 36 gold pieces
 13635 | Orc:2    | Bought a potion of curing for 36 gold pieces
 13635 | Orc:2    | Bought a potion of mutation for 96 gold pieces
 13843 | Lair:1   | Entered Level 1 of the Lair of Beasts
 14038 | Lair:1   | Noticed WiZmei's ghost (journeyman MfGl)
 14049 | Lair:1   | Killed WiZmei's ghost
 14298 | Lair:1   | Noticed Harold
 14301 | Lair:1   | Noticed Grum
 14317 | Lair:1   | Killed Grum
 14320 | Lair:1   | Killed Harold
 14320 | Lair:1   | Reached skill level 24 in Axes
 15047 | Lair:2   | Received a gift from Trog
 15081 | Lair:2   | Reached XP level 14. HP: 111/111 MP: 4/13
 15204 | Lair:2   | Found a hole to the Spider Nest.
 15316 | Lair:2   | Got a dazzling chain mail
 15378 | Lair:2   | Identified the cursed +1 chain mail of the Komtur {+Fly Str-5 Dex+4} (You found it on level 2 of the Lair of Beasts)
 16100 | Lair:3   | Found a staircase to the Swamp.
 16269 | Lair:3   | You fall through a shaft for 2 floors!
 16326 | Lair:6   | Entered Level 6 of the Lair of Beasts
 16417 | Lair:4   | Found a frozen archway.
 16442 | IceCv    | Entered an ice cave
 16465 | IceCv    | Found a transporter.
 17227 | Lair:4   | Received a gift from Trog
 18284 | Lair:5   | Found a viscous altar of Jiyva.
 18285 | Lair:5   | Found a staircase to the Slime Pits.
 19554 | Lair:5   | Reached skill level 1 in Crossbows
 19670 | Lair:6   | Received a gift from Trog
 19976 | Lair:6   | Found a snail-covered altar of Cheibriados.
 20451 | Lair:6   | Reached XP level 15. HP: 124/124 MP: 4/14
 20533 | Lair:6   | Reached skill level 25 in Axes
 21281 | Lair:6   | Got a faintly glowing halberd
 21283 | Lair:6   | Identified the +10 halberd "Ralaabot" {drain, Str-2 Int+4} (You found it on level 6 of the Lair of Beasts)
 21439 | Lair:6   | HP: 4/124 [acid (14)]
 21441 | Lair:6   | Splashed by an oklob plant's acid

Skill      XL: |  1  2  3  4  5  6  7  8  9 10 11 12 13 14 15 |
---------------+----------------------------------------------+-----
Axes           | 4 5 6 8 11 15 17 19 21 24 25 | 25.0
Fighting       | 4 5 6 9 |  9.3
Armour         | 3 4 5 6 8 9 |  9.0
Dodging        | 3 4 5 8 |  8.5
Crossbows      | 3 |  3.7

Action                   |  1- 3 |  4- 6 |  7- 9 | 10-12 | 13-15 || total
-------------------------+-------+-------+-------+-------+-------++-------
Melee: Hand axe          |   114 |    90 |   361 |   259 |    61 ||   885
       Headbutt          |    18 |    20 |    80 |   132 |   155 ||   405
       Battleaxe         |       |       |       |   270 |       ||   270
       Executioner's axe |       |       |       |   111 |   640 ||   751
Throw: Tomahawk          |       |       |     3 |       |       ||     3
Invok: Berserk           |       |     3 |     7 |     7 |       ||    17
       Burn Spellbooks   |       |     1 |     1 |     1 |     4 ||     7
       Brothers in Arms  |       |       |     1 |     5 |     7 ||    13
Evoke: Lightning rod     |       |       |       |       |     1 ||     1
       Wand              |       |       |       |       |     1 ||     1
  Use: Scroll            |       |       |     9 |    12 |    10 ||    31
       Potion            |       |       |     1 |     1 |     1 ||     3
  Eat: Chunk             |     1 |     2 |    14 |    11 |     8 ||    36
       Bread ration      |       |     1 |     2 |     6 |     2 ||    11
       Royal jelly       |       |       |     1 |       |       ||     1
       Meat ration       |       |       |     1 |     1 |     3 ||     5
Armor: Animal skin       |     3 |       |       |       |       ||     3
       Chain mail        |    57 |    46 |   153 |   239 |   490 ||   985
       Plate armour      |       |       |       |    84 |       ||    84
Dodge: Dodged            |    45 |    44 |   111 |   269 |   402 ||   871
